Map: Praça Neon Violeta LE

Players

IagoAbreu - Winner!

  • Race: Terran Terran
  • League: Silver
  • Spawn Location: 5:00

tutito

  • Race: Terran Terran
  • League: Silver
  • Spawn Location: 11:00

VOD

Have the link to the VOD?

Description

Time

  • Played on: March 9, 2018, 3:08 p.m.
  • Length: 5:17
Show
View Real Time Build Order
Export as new Build Order

IagoAbreu Terran - Winner!

Build Orders:  

Get SALT Encoding   

  12  0:14  SCV  
  12  0:15  Supply Depot  
  13  0:26  SCV  
  14  0:38  SCV  
  15  0:42  Supply Depot  
  15  0:55  Barracks  
  15  1:05  Engineering Bay  
  15  1:06  SCV  
  16  1:37  Command Center  
  16  1:53  Refinery  
  16  1:57  SCV, Refinery  
  17  2:09  SCV  
  18  2:18  Barracks  
  18  2:21  SCV  
  19  2:33  SCV  
  20  2:44  Terran Infantry Weapons Level 1  
  20  2:45  SCV  
  21  2:57  SCV  
  22  3:07  Orbital Command  
  22  3:08  Barracks Reactor  
  22  3:10  SCV  
  23  3:14  Barracks  
  23  3:19  Factory  
  24  3:29  Orbital Command  
  23  3:56  Reaper x2  
  25  4:04  Barracks Reactor  
  25  4:06  Factory Reactor  
  25  4:08  Factory Tech Lab  
  25  4:14  SCV  
  26  4:23  Armory  
  26  4:26  SCV  
  26  4:28  Reaper x2  
  26  4:30  Widow Mine  
  31  4:38  SCV  
  32  4:50  SCV  
  32  4:52  Widow Mine  
Show
View Real Time Build Order
Export as new Build Order

tutito Terran 

Build Orders:  

Get SALT Encoding   

  12  0:15  Supply Depot  
  12  0:24  Supply Depot  
  12  0:33  Supply Depot  
  12  1:52  Engineering Bay  
  12  1:58  SCV  
  13  2:04  Refinery  
  13  2:08  Refinery  
  13  2:10  SCV  
  14  2:22  SCV  
  15  2:34  Missile Turret  
  15  2:37  SCV  
  16  2:49  SCV  
  17  2:51  Barracks  
  17  3:01  SCV  
  17  3:05  Missile Turret  
  18  3:13  SCV  
  19  3:25  SCV  
  20  3:40  Command Center  
  20  3:46  Marine  
  21  4:03  Marine  
  22  4:25  Bunker  
  22  4:35  Bunker  
Tags
 
Add a new tag
Caveats
  • Supply blocks, unpowered buildings, or Contaminate may cause inaccurate times.
  • Supply counts are checked every 10 seconds.